 Dungeon Sprint DCSS version 0.14-a0-340-g4dbb6ee (console) character file.

17579 Dalvant the Scorcher (level 11, 0/59 HPs)
             Began as a Deep Elf Fire Elementalist on Oct 23, 2013.
             Was the Champion of Vehumet.
             Slain by a killer bee (9 damage)
             ... in the Dungeon (Sprint III: "The Ten Rune Challenge").
             The game lasted 00:27:57 (3856 turns).

Dalvant the Scorcher (Deep Elf Fire Elementalist)   Turns: 3856, Time: 00:27:58

HP   0/59        AC  0     Str  9      XL: 11   Next: 58%
MP  13/36        EV 13     Int 24      God: Vehumet [******]
Gold 5467        SH  0     Dex 15      Spells: 10 memorised, 14 levels left

Res.Fire  : + + .   See Invis. : .   C - staff of wizardry
Res.Cold  : . . .   Warding    : .   r - +0 elf robe {rPois}
Life Prot.: . . .   Conserve   : .   (no shield)
Res.Poison: +       Res.Corr.  : .   (no helmet)
Res.Elec. : .       Clarity    : .   E - -4 cloak of the Original Sin {rF++}
Sust.Abil.: . .     Spirit.Shd : .   (no gloves)
Res.Mut.  : .       Prev.Telep.: +   (no boots)
Res.Rott. : .       Flight     : .   B - amulet of faith
Saprovore : . . .                    A - ring of protection from magic {unknown}
                                     a - +4 ring of strength

@: quite resistant to hostile enchantments, quite stealthy
A: no striking features
a: Renounce Religion


You were in the Dungeon.
You worshipped Vehumet.
Vehumet was exalted by your worship.
You were not hungry.

You visited 1 branch You collected 5447 gold pieces.

Inventory:

Armour
 c - a +2 elven robe of cold resistance
 r - a +0 elven robe of poison resistance (worn)
 E - the -4 cloak of the Original Sin (worn) {rF++}
   (You found it in the Dungeon)

   It greatly protects you from fire.
Magical devices
 k - a wand of random effects (8)
 w - a wand of digging (4)
 I - a wand of draining (4)
Comestibles
 d - a royal jelly
Scrolls
 i - a scroll of blinking
 n - a scroll of torment
 u - 2 scrolls of remove curse
 D - a scroll of silence
 G - a scroll of amnesia
Jewellery
 a - a +4 ring of strength (left hand)
 t - an uncursed amulet of stasis {unknown}
 A - a ring of protection from magic (right hand) {unknown}
 B - an amulet of faith (around neck)
Potions
 e - 3 potions of heal wounds
 f - a potion of speed
 g - 2 potions of magic
 h - a potion of berserk rage
Books
 N - a book of Power

   Spells                             Type                      Level
   *Iskenderun's Mystic Blast         Conjuration                  4
   Venom Bolt                         Conjuration/Poison           5
   Bolt of Magma                      Conjuration/Fire/Earth       5
   Fulminant Prism                    Conjuration/Hexes            5
   Iron Shot                          Conjuration/Earth            6
   Orb of Destruction                 Conjuration                  7
Magical staves
 C - an uncursed staff of wizardry (weapon)


   Skills:
 - Level 5.0 Fighting
 - Level 2.4 Dodging
 - Level 5.0 Stealth
 + Level 17.5 Spellcasting
 * Level 17.0 Conjurations
 - Level 3.2 Charms
 + Level 0.4 Summonings
 * Level 17.8 Fire Magic
 - Level 2.0 Air Magic
 - Level 4.8 Earth Magic
 - Level 2.4 Evocations


You had 14 spell levels left.
You knew the following spells:

 Your Spells              Type           Power        Failure   Level  Hunger
a - Flame Tongue          Conj/Fire      #####        0%          1    None
b - Fireball              Conj/Fire      #######...   1%          5    None
c - Sticky Flame          Conj/Fire      #######.     1%          4    None
d - Iskenderun's Mystic   Conj           #######.     1%          4    None
e - Bolt of Fire          Conj/Fire      #######...   1%          6    ####...
l - Flight                Chrm/Air       ####......   1%          3    None
A - Magic Dart            Conj           ####         0%          1    None
K - Lee's Rapid Deconstr  Erth           #####.....   1%          5    None
U - Summon Butterflies    Summ           ###.....     1%          1    None
W - Apportation           Tloc           ###.......   1%          1    None


Dungeon Overview and Level Annotations

Branches:
Dungeon (1/1)

Altars:
Cheibriados
Elyvilon
Fedhas
Kikubaaqudgha
Makhleb
Nemelex Xobeh
Okawaru
Sif Muna
Trog
Vehumet
Xom
Yredelemnul
Zin
the Shining One
Jiyva

Shops:
D [


Message History

Confirm with . or Enter, or press ? or * to list all spells.
You don't have the energy to cast that spell.
Unknown command.
Eat which item? (? for menu, Esc to quit)
The killer bee stings you! The killer bee barely misses you.
Your magical contamination has completely faded away.
You continue eating.
The killer bee stings you. The killer bee stings your butterfly.
The killer bee closely misses your butterfly.
The killer bee stings you.
* * * LOW HITPOINT WARNING * * *
You continue eating.
The killer bee closely misses you. The killer bee stings your butterfly.
Your butterfly dies!
The killer bee closely misses your butterfly.
The killer bee stings you.
* * * LOW HITPOINT WARNING * * *
You continue eating.
The killer bee stings you!
You die...

################ ### ######
#..'...♣♣♣♣♣♣♣.#############.###.##.#####################
#..#......♣♣♣♣.#___#__%#__#.##.#∩#...(.#...##.[..'...[..#
####......♣♣♣..#!..#..)#._#.([......##.#...##≈≈≈≈##..##.#
...#....≈♣♣♣♣..###'#'###'##.[[)......#[#...≈≈≈.[......#.#
...#...≈≈♣♣♣♣♣.#..........#........###)#...##≈≈≈≈##..##.#
...#..≈≈≈≈♣♣♣♣.'.⌠........#.#..#..#.##.)...##....'......#
##[#..≈≈≈≈≈≈...#...######'#)##..#########################
...#.≈≈≈≈≈≈....#.⌠.#..#.[.#[###########################
...#.≈≈%≈≈.....#...#_.#..)#....#.#.#.....#...kk.%%k%§≈#
...#.≈≈≈.......#'###__#...##.#).#.##.###[#((.(k.#%.%k≈#
####...........#.))#_.#...'##)#.#.##)#..##kkb...# kk≈≈≈
...............#___#..'...#.).#..#..##.@kkkb....# k≈≈≈
#########################################kk.....# %§%
#.k.....# . +.......# #.......# ##+######


You could see a queen bee and 9 killer bees.

Vanquished Creatures
  A deep elf blademaster (D)
  A deep elf annihilator (D)
  A deep elf demonologist (D)
  A deep elf death mage (D)
  A deep elf high priest (D)
  An orc high priest (D)
  A deep elf knight (D)
  Erolcha (D)
  An orc sorcerer (D)
  4 deep elf conjurers (D)
  A deep elf summoner (D)
  2 deep elf priests (D)
  A redback (D)
  2 trapdoor spiders (D)
  A spatial vortex (D)
  A neqoxec (D)
  2 hill giants (D)
  A necrophage (D)
  A demigod (D)
  2 orc warriors (D)
  A lost soul (D)
  3 two-headed ogres (D)
  A water elemental (D)
  12 killer bees (D)
  A wizard (D)
  A scorpion (D)
  3 orc priests (D)
  A jelly (D)
  A necromancer (D)
  An orc wizard (D)
  Jessica (D)
  A kobold demonologist (D)
  2 humans (D)
  2 grey rats (D)
  An ooze (D)
  10 orcs (D)
69 creatures vanquished.

Vanquished Creatures (others)
  2 draconian scorchers (D)
  A yaktaur (D)
  An electric eel (D)
  3 butterflies (D)
7 creatures vanquished.

Grand Total: 76 creatures vanquished

Notes
Turn   | Place    | Note
--------------------------------------------------------------
     0 | D        | Dalvant, the Deep Elf Fire Elementalist, began the quest for the Orb.
     0 | D        | Reached XP level 1. HP: 10/10 MP: 4/4
    17 | D        | Reached skill level 4 in Fire Magic
   120 | D        | Reached skill level 1 in Fighting
   162 | D        | Noticed Jessica
   165 | D        | Reached XP level 2. HP: 15/15 MP: 3/6
   169 | D        | Killed Jessica
   169 | D        | Reached skill level 5 in Fire Magic
   251 | D        | Noticed a scorpion
   259 | D        | Killed a scorpion
   259 | D        | Reached skill level 6 in Fire Magic
   259 | D        | Reached XP level 3. HP: 13/19 MP: 2/10
   429 | D        | Gained mutation: You heal slowly when monsters are visible. [potion of mutation]
   429 | D        | Gained mutation: You can spit poison. [potion of mutation]
   429 | D        | Gained mutation: You can breathe flames. [potion of mutation]
   431 | D        | Lost mutation: You can breathe flames. [potion of cure mutation]
   431 | D        | Lost mutation: You can spit poison. [potion of cure mutation]
   431 | D        | Lost mutation: You heal slowly when monsters are visible. [potion of cure mutation]
   431 | D        | Killed a yaktaur
   434 | D        | Noticed a water elemental
   439 | D        | Killed a water elemental
   439 | D        | Reached skill level 7 in Fire Magic
   439 | D        | Reached skill level 1 in Evocations
   439 | D        | Reached XP level 4. HP: 22/24 MP: 5/13
   445 | D        | Learned a level 4 spell: Sticky Flame
   500 | D        | Found a glowing silver altar of Zin.
   501 | D        | Found a white marble altar of Elyvilon.
   501 | D        | Found a glowing golden altar of the Shining One.
   501 | D        | Noticed a deep elf priest
   506 | D        | Killed a deep elf priest
   506 | D        | Reached skill level 5 in Fighting
   506 | D        | Reached skill level 10 in Fire Magic
   506 | D        | Reached XP level 5. HP: 6/30 MP: 9/18
   506 | D        | Reached XP level 6. HP: 7/35 MP: 10/21
   506 | D        | Killed a white draconian scorcher
   513 | D        | Learned a level 5 spell: Fireball
   766 | D        | Found a radiant altar of Vehumet.
   766 | D        | Found a deep blue altar of Sif Muna.
   766 | D        | Found an ancient bone altar of Kikubaaqudgha.
   766 | D        | Noticed a wizard
   767 | D        | Killed a wizard
   781 | D        | Became a worshipper of Vehumet
   789 | D        | Learned a level 6 spell: Bolt of Fire
   805 | D        | Found an iron altar of Okawaru.
   805 | D        | Found a bloodstained altar of Trog.
   805 | D        | Noticed a human
   807 | D        | Killed a human
   807 | D        | Reached skill level 5 in Stealth
   868 | D        | Found a snail-covered altar of Cheibriados.
   868 | D        | Found a blossoming altar of Fedhas.
   868 | D        | Found a basalt altar of Yredelemnul.
   868 | D        | Noticed a necrophage
   868 | D        | Noticed a necromancer
   869 | D        | Killed a necromancer
   869 | D        | Acquired Vehumet's first power
   869 | D        | Offered knowledge of Sandblast by Vehumet.
   871 | D        | Killed a necrophage
   871 | D        | Reached skill level 11 in Fire Magic
   871 | D        | Reached XP level 7. HP: 37/40 MP: 13/24
   929 | D        | Noticed a jelly
   930 | D        | Killed a jelly
   931 | D        | Noticed a demigod
   934 | D        | Killed a demigod
  1013 | D        | Learned a level 3 spell: Flight
  1015 | D        | Found a shimmering altar of Xom.
  1015 | D        | Found a burning altar of Makhleb.
  1015 | D        | Noticed a spatial vortex
  1016 | D        | Found a sparkling altar of Nemelex Xobeh.
  1016 | D        | Found a viscous altar of Jiyva.
  1049 | D        | Killed a spatial vortex
  1049 | D        | Reached skill level 1 in Air Magic
  1073 | D        | Killed a white draconian scorcher
  1155 | D        | Noticed a two-headed ogre
  1155 | D        | Noticed a two-headed ogre
  1162 | D        | Killed a two-headed ogre
  1162 | D        | Offered knowledge of Magic Dart by Vehumet.
  1174 | D        | Learned a level 1 spell: Magic Dart
  1212 | D        | Killed a two-headed ogre
  1272 | D        | Noticed a two-headed ogre
  1274 | D        | Killed a two-headed ogre
  1274 | D        | Reached skill level 12 in Fire Magic
  1274 | D        | Reached XP level 8. HP: 45/45 MP: 9/27
  1369 | D        | Noticed a hill giant
  1372 | D        | Killed a hill giant
  1372 | D        | Offered knowledge of Stone Arrow by Vehumet.
  1372 | D        | Reached skill level 10 in Conjurations
  1415 | D        | Noticed a hill giant
  1427 | D        | Killed a hill giant
  1427 | D        | Acquired Vehumet's second power
  1576 | D        | Noticed Erolcha
  1576 | D        | Noticed a redback
  1578 | D        | Killed a redback
  1578 | D        | Offered knowledge of Mephitic Cloud by Vehumet.
  1578 | D        | Reached skill level 10 in Spellcasting
  1579 | D        | Killed Erolcha
  1685 | D        | Killed an orc priest
  1685 | D        | Acquired Vehumet's third power
  1685 | D        | Killed an orc wizard
  1685 | D        | Reached skill level 13 in Fire Magic
  1690 | D        | Noticed an orc warrior
  1690 | D        | Killed an orc warrior
  1690 | D        | Reached XP level 9. HP: 49/49 MP: 19/29
  1693 | D        | Noticed an orc warrior
  1694 | D        | Killed an orc warrior
  1694 | D        | Killed an orc priest
  1695 | D        | Noticed an orc high priest
  1696 | D        | Killed an orc high priest
  1696 | D        | Killed an orc priest
  1700 | D        | Noticed an orc sorcerer
  1708 | D        | Killed an orc sorcerer
  1708 | D        | Offered knowledge of Lee's Rapid Deconstruction by Vehumet.
  1708 | D        | Reached skill level 14 in Conjurations
  1841 | D        | Learned a level 5 spell: Lee's Rapid Deconstruction
  1848 | D        | Found Wunant's Antique Armour Boutique.
  1972 | D        | Noticed a deep elf conjurer
  1972 | D        | Noticed a deep elf priest
  1972 | D        | Noticed a deep elf summoner
  1972 | D        | Noticed a deep elf conjurer
  1972 | D        | Noticed a deep elf knight
  1994 | D        | Killed a deep elf knight
  1994 | D        | Offered knowledge of Airstrike by Vehumet.
  1994 | D        | Reached skill level 1 in Earth Magic
  1994 | D        | Killed a deep elf priest
  1994 | D        | Reached XP level 10. HP: 20/55 MP: 26/32
  1995 | D        | Killed a deep elf conjurer
  1995 | D        | Reached skill level 15 in Conjurations
  1996 | D        | Killed a deep elf conjurer
  1998 | D        | Killed a deep elf summoner
  2093 | D        | Noticed a deep elf demonologist
  2196 | D        | Noticed a deep elf conjurer
  2202 | D        | Killed a deep elf demonologist
  2204 | D        | Killed a deep elf conjurer
  2204 | D        | Reached skill level 16 in Conjurations
  2204 | D        | Reached skill level 15 in Fire Magic
  2207 | D        | Noticed a deep elf blademaster
  2252 | D        | Noticed a deep elf high priest
  2386 | D        | Noticed a deep elf conjurer
  2386 | D        | Killed a deep elf conjurer
  2386 | D        | Reached skill level 15 in Spellcasting
  2389 | D        | Noticed a deep elf annihilator
  2392 | D        | Noticed a deep elf death mage
  2616 | D        | Killed a deep elf death mage
  2616 | D        | Reached XP level 11. HP: 59/59 MP: 6/35
  2762 | D        | Killed a deep elf annihilator
  2762 | D        | Offered knowledge of Venom Bolt by Vehumet.
  3038 | D        | Killed a deep elf blademaster
  3038 | D        | Reached skill level 17 in Spellcasting
  3047 | D        | Killed an electric eel
  3197 | D        | Got a slimy leather armour
  3206 | D        | Killed a deep elf high priest
  3216 | D        | Identified the cursed +2 leather armour "Shusm" {rF+ MR++ Str+2} (You took it off a deep elf annihilator in the Dungeon)
  3226 | D        | Got a steaming war axe
  3235 | D        | Identified the +6,+7 war axe "Trog's Scorn" {flame, Int+2} (You took it off a deep elf annihilator in the Dungeon)
  3235 | D        | Identified the +6,+7 war axe "Trog's Scorn" {flame, Int+2} (You took it off a deep elf annihilator in the Dungeon)
  3241 | D        | Got a heavily runed cloak
  3244 | D        | Identified the cursed -4 cloak of the Original Sin {rF++} (You found it in the Dungeon)
  3249 | D        | Identified Sif Muna's Papyrus of Unstable Execration
  3252 | D        | Learned a level 1 spell: Apportation
  3421 | D        | Learned a level 1 spell: Summon Butterflies
  3426 | D        | Learned a level 4 spell: Iskenderun's Mystic Blast
  3657 | D        | Noticed a trapdoor spider
  3659 | D        | Noticed a trapdoor spider
  3660 | D        | Killed a trapdoor spider
  3664 | D        | Killed a trapdoor spider
  3838 | D        | Noticed a killer bee
  3838 | D        | Noticed a killer bee
  3838 | D        | Noticed a killer bee
  3838 | D        | Noticed a killer bee
  3838 | D        | Noticed a killer bee
  3838 | D        | Noticed a killer bee
  3838 | D        | Noticed a killer bee
  3838 | D        | Noticed a killer bee
  3838 | D        | Noticed a killer bee
  3838 | D        | Noticed a killer bee
  3838 | D        | Noticed a killer bee
  3838 | D        | Noticed a killer bee
  3838 | D        | Noticed a killer bee
  3839 | D        | Noticed a killer bee
  3839 | D        | Noticed a killer bee
  3839 | D        | Noticed a killer bee
  3839 | D        | Noticed a killer bee
  3839 | D        | Killed a killer bee
  3839 | D        | Killed a killer bee
  3840 | D        | Noticed a killer bee
  3840 | D        | Noticed a killer bee
  3840 | D        | Noticed a killer bee
  3840 | D        | Noticed a killer bee
  3840 | D        | Noticed a killer bee
  3840 | D        | Killed a killer bee
  3840 | D        | Killed a killer bee
  3841 | D        | Noticed a queen bee
  3841 | D        | Noticed a killer bee
  3841 | D        | Killed a killer bee
  3841 | D        | Offered knowledge of Ignite Poison by Vehumet.
  3841 | D        | Killed a killer bee
  3842 | D        | Noticed a killer bee
  3842 | D        | Killed a killer bee
  3842 | D        | Killed a killer bee
  3842 | D        | Killed a killer bee
  3843 | D        | Killed a killer bee
  3843 | D        | Killed a killer bee
  3852 | D        | Noticed a killer bee
  3852 | D        | Killed a killer bee
  3853 | D        | Noticed a killer bee
  3856 | D        | Slain by a killer bee

Action                   |  1- 3 |  4- 6 |  7- 9 | 10-12 || total
-------------------------+-------+-------+-------+-------++-------
Melee: Unarmed           |     9 |       |       |       ||     9
       Long sword        |       |       |     1 |       ||     1
 Cast: Flame Tongue      |    20 |     2 |     6 |     1 ||    29
       Sticky Flame      |       |     2 |     9 |     2 ||    13
       Fireball          |       |     4 |    26 |    46 ||    76
       Lee's Rapid Decon |       |       |     2 |     6 ||     8
       Bolt of Fire      |       |       |     1 |    16 ||    17
       Flight            |       |       |       |     8 ||     8
       Summon Butterflie |       |       |       |     1 ||     1
Evoke: Wand              |     4 |       |       |     1 ||     5
  Use: Potion            |     5 |       |       |       ||     5
       Scroll            |       |       |       |     6 ||     6
